 Dungeon Crawl Stone Soup version 0.26-a0-613-g4f23886233 (webtiles) character file.

Game seed: 14650384784849680977

1239 Gargoyl the Skirmisher (level 8, -3/67 HPs)
             Began as a Gnoll Abyssal Knight on Sept 11, 2020.
             Was a Believer of Lugonu.
             Killed by divine providence
             ... invoked by an orc priest
              (12 damage)
             ... on level 5 of the Dungeon.
             The game lasted 00:07:14 (4646 turns).

Gargoyl the Skirmisher (Gnoll Abyssal Knight)       Turns: 4646, Time: 00:07:15

Health: -3/67      AC: 15    Str: 17    XL:     8   Next: 49%
Magic:  12/12      EV:  9    Int: 17    God:    Lugonu [**....]
Gold:   361        SH:  0    Dex: 15    Spells: 13/13 levels left

rFire    . . .     SeeInvis .   a - +1 hand axe
rCold    . . .     Faith    .   (no shield)
rNeg     . . .     Spirit   .   h - +0 chain mail
rPois    .         Reflect  .   f - +2 helmet {Int+3}
rElec    .         Harm     .   b - +1 cloak
rCorr    .                      (no gloves)
MR       .....                  (no boots)
Stlth    ..........             (no amulet)
HPRegen  0.21/turn              (no ring)
MPRegen  0.13/turn              (no ring)

@: no status effects
A: distributed training, fangs 1, strong nose
a: Depart the Abyss, Bend Space, Renounce Religion


You were on level 5 of the Dungeon.
You worshipped Lugonu.
Lugonu was pleased with you.
You visited 1 branch of the dungeon, and saw 5 of its levels.
You visited the Abyss 1 time.

You collected 361 gold pieces.

Inventory:

Hand Weapons
 a - a +1 hand axe (weapon)
Armour
 b - a +1 cloak (worn)
 f - a +2 helmet of intelligence (worn)
 h - a +0 chain mail (worn)
Wands
 c - a wand of digging (2)
 e - a wand of iceblast (6)
 j - a wand of random effects (13)
 u - a wand of flame (3)
Scrolls
 m - 4 scrolls of identify
 n - 2 scrolls of magic mapping
 p - 7 scrolls of teleportation
 q - 2 scrolls of fear
Potions
 d - a potion of magic {unknown}
 g - a potion of curing
 i - a potion of resistance
 k - a potion of flight
 l - a potion of heal wounds
 o - a potion of stabbing {unknown}
 r - 3 potions of might {unknown}
 s - 2 potions of mutation {unknown}
 t - a potion of lignification {unknown}


   Skills:
 + Level 7.4 Fighting
 + Level 3.3 Short Blades
 + Level 3.3 Long Blades
 + Level 5.7 Axes
 + Level 3.3 Maces & Flails
 + Level 3.3 Polearms
 + Level 3.3 Staves
 + Level 3.3 Slings
 + Level 3.3 Bows
 + Level 3.3 Crossbows
 + Level 3.3 Throwing
 + Level 5.7 Armour
 + Level 4.2 Dodging
 + Level 3.3 Stealth
 + Level 3.3 Shields
 + Level 3.3 Unarmed Combat
 + Level 3.3 Spellcasting
 + Level 2.7 Conjurations
 + Level 2.7 Hexes
 + Level 2.7 Summonings
 + Level 2.7 Necromancy
 + Level 2.7 Translocations
 + Level 2.7 Transmutations
 + Level 2.7 Fire Magic
 + Level 2.7 Ice Magic
 + Level 2.7 Air Magic
 + Level 2.7 Earth Magic
 + Level 2.7 Poison Magic
 + Level 5.9 Invocations
 + Level 3.3 Evocations


You had 13 spell levels left.
You didn't know any spells.
Your spell library was empty.

Dungeon Overview and Level Annotations

Branches:
Dungeon (5/15)
 Temple: D:4-7

Altars:
Gozag
Makhleb
Ru
Vehumet
Yredelemnul


Innate Abilities, Weirdness & Mutations

Your experience applies equally to all skills.
You have very sharp teeth.
Your uncanny sense of smell can sniff out nearby items.


Message History

Beogh smites you!
The orc wizard mumbles some strange words.
The orc wizard blinks!
The leopard gecko bites you but does no damage.
The orc wizard gestures wildly while chanting.
The orc wizard seems to speed up.
The orc wizard hits you but does no damage.
The orc priest mumbles some strange prayers to Beogh against you.
Beogh smites you!
* * * LOW HITPOINT WARNING * * *
The orc wizard gestures at you while chanting.
The magic dart hits you but does no damage.
The orc wizard hits you but does no damage.
The leopard gecko bites you but does no damage.
The orc wizard closely misses you.
There is a stone staircase leading down here.
The orc wizard hits you but does no damage.
The orc priest calls down the wrath of Beogh upon you.
Beogh smites you!
You die...

............#######
##........oo##....###
##....###..........# #....
#.o....._..# #####
#.......8..# #####
###......._..# ....#
#............# .)..#
#......ol..### ....#
####......@..## ....#
#............# ....#
#............# #####
#.......##.######### ....#
#.......##.......... [...#
#.......##..........
^...###.....(.###.........
..........................
.....#############........


You could see an orc priest, an orc wizard (fast), 2 orcs and a leopard gecko.

Vanquished Creatures
  A ynoxinul (Abyss:3)
  Duvessa (D:5)
  3 ogres
  A centaur (D:5)
  A water moccasin zombie (D:5)
  Dowan (D:5)
  A scorpion (D:5)
  2 howler monkeys
  4 hounds
  2 centaur skeletons
  2 bullfrog skeletons
  2 orc wizards
  A howler monkey skeleton (D:4)
  5 adders
  A white imp (D:5)
  An ooze (D:4)
  2 dart slugs (D:1)
  A leopard gecko (D:5)
  8 orcs (D:3)
  3 bats
  2 giant cockroaches (D:2)
  A goblin (D:3)
  10 hobgoblins
  2 jackals (D:2)
  A quokka (D:4)
  2 ball pythons
  7 frilled lizards
  2 gnoll zombies (D:4)
  A jackal skeleton (D:4)
  5 kobolds
  A quokka skeleton (D:4)
  7 rats
84 creatures vanquished.

Notes
Turn   | Place    | Note
-------+----------+-------------------------------------------
     0 | Abyss:1  | Gargoyl the Gnoll Abyssal Knight began the quest for the
                  | Orb.
     0 | Abyss:1  | Reached XP level 1. HP: 23/23 MP: 3/3
    79 | Abyss:3  | Noticed a ynoxinul
    80 | Abyss:3  | Noticed a green death
    82 | Abyss:3  | Killed a ynoxinul
    82 | Abyss:3  | Reached skill level 1 in Short Blades
    82 | Abyss:3  | Reached skill level 1 in Long Blades
    82 | Abyss:3  | Reached skill level 1 in Maces & Flails
    82 | Abyss:3  | Reached skill level 1 in Polearms
    82 | Abyss:3  | Reached skill level 1 in Staves
    82 | Abyss:3  | Reached skill level 1 in Slings
    82 | Abyss:3  | Reached skill level 1 in Bows
    82 | Abyss:3  | Reached skill level 1 in Crossbows
    82 | Abyss:3  | Reached skill level 1 in Throwing
    82 | Abyss:3  | Reached skill level 1 in Stealth
    82 | Abyss:3  | Reached skill level 1 in Shields
    82 | Abyss:3  | Reached skill level 1 in Unarmed Combat
    82 | Abyss:3  | Reached skill level 1 in Spellcasting
    82 | Abyss:3  | Reached skill level 1 in Conjurations
    82 | Abyss:3  | Reached skill level 1 in Hexes
    82 | Abyss:3  | Reached skill level 1 in Summonings
    82 | Abyss:3  | Reached skill level 1 in Necromancy
    82 | Abyss:3  | Reached skill level 1 in Translocations
    82 | Abyss:3  | Reached skill level 1 in Transmutations
    82 | Abyss:3  | Reached skill level 1 in Fire Magic
    82 | Abyss:3  | Reached skill level 1 in Ice Magic
    82 | Abyss:3  | Reached skill level 1 in Air Magic
    82 | Abyss:3  | Reached skill level 1 in Earth Magic
    82 | Abyss:3  | Reached skill level 1 in Poison Magic
    82 | Abyss:3  | Reached skill level 1 in Evocations
    82 | Abyss:3  | Reached XP level 2. HP: 29/29 MP: 5/5
    82 | Abyss:3  | Reached XP level 3. HP: 35/35 MP: 6/6
    82 | Abyss:3  | Reached XP level 4. HP: 41/41 MP: 7/7
    82 | Abyss:3  | Reached XP level 5. HP: 47/47 MP: 8/8
    98 | Abyss:4  | Noticed a hellephant
   105 | D:1      | Escaped the Abyss
   266 | D:1      | Reached * piety under Lugonu
  1555 | D:2      | Noticed an ogre
  1557 | D:2      | Killed an ogre
  1557 | D:2      | Reached skill level 5 in Invocations
  1557 | D:2      | Reached XP level 6. HP: 53/53 MP: 9/9
  1821 | D:2      | Found a radiant altar of Vehumet.
  1977 | D:3      | Reached skill level 5 in Axes
  1977 | D:3      | Reached skill level 5 in Armour
  2098 | D:3      | Reached ** piety under Lugonu
  2802 | D:3      | Reached XP level 7. HP: 59/59 MP: 10/10
  2918 | D:3      | Reached skill level 7 in Fighting
  3788 | D:4      | Found a basalt altar of Yredelemnul.
  3837 | D:5      | Entered Level 5 of the Dungeon
  3843 | D:5      | Noticed Duvessa
  3844 | D:5      | Noticed Dowan
  3896 | D:5      | Killed Duvessa
  3896 | D:5      | Reached XP level 8. HP: 25/67 MP: 12/12
  4136 | D:5      | Killed Dowan
  4350 | D:5      | Found a burning altar of Makhleb.
  4462 | D:5      | Found a sacrificial altar of Ru.
  4464 | D:5      | Found an opulent altar of Gozag.
  4646 | D:5      | Killed from afar by an orc priest

Illustrated notes

Levels and vault maps discovered:
D:1:      arrival_aquarium_b, layout_loops_corners, serial_bayou_pond_a
D:2:      layout_basic, vehumet_crystals
D:3:      layout_loops_ring
D:4:      minmay_angry_zag, layout_cave_pools, lemuel_zombie_altar_yredelemnul,
          kennysheep_big_empty_room, minmay_quantized
D:5:      layout_basic, chequers_temple_overflow_statue_of_worship,
          serial_shops, kennysheep_mini, makhleb_blood_cavern_becter,
          uniq_duvessa

Skill      XL: |  1  2  3  4  5  6  7 |
---------------+----------------------+-----
Short Blades   | 1 2 3 |  3.3
Long Blades    | 1 2 3 |  3.3
Maces & Flails | 1 2 3 |  3.3
Polearms       | 1 2 3 |  3.3
Staves         | 1 2 3 |  3.3
Slings         | 1 2 3 |  3.3
Bows           | 1 2 3 |  3.3
Crossbows      | 1 2 3 |  3.3
Throwing       | 1 2 3 |  3.3
Dodging        | 3 4 |  4.2
Stealth        | 1 2 3 |  3.3
Shields        | 1 2 3 |  3.3
Unarmed Combat | 1 2 3 |  3.3
Spellcasting   | 1 2 3 |  3.3
Conjurations   | 1 2 |  2.7
Hexes          | 1 2 |  2.7
Summonings     | 1 2 |  2.7
Necromancy     | 1 2 |  2.7
Translocations | 1 2 |  2.7
Transmutations | 1 2 |  2.7
Fire Magic     | 1 2 |  2.7
Ice Magic      | 1 2 |  2.7
Air Magic      | 1 2 |  2.7
Earth Magic    | 1 2 |  2.7
Poison Magic   | 1 2 |  2.7
Evocations     | 1 2 3 |  3.3
Invocations    | 5 |  5.9
Axes           | 5 |  5.7
Armour         | 5 |  5.7
Fighting       | 7 |  7.4

Action                   |  1- 3 |  4- 6 |  7- 9 || total
-------------------------+-------+-------+-------++-------
Melee: Hand axe          |       |   162 |   203 ||   365
       Bite              |       |    12 |    21 ||    33
       Punch             |       |       |     3 ||     3
Invok: Depart the Abyss  |       |     1 |       ||     1
       Bend Space        |       |       |     1 ||     1
Evoke: Wand              |     2 |     3 |       ||     5
  Use: Scroll            |       |    10 |       ||    10
       Potion            |       |       |     3 ||     3
Armor: Chain mail        |       |    98 |   159 ||   257
       Leather armour    |       |    13 |       ||    13
Dodge: Dodged            |       |    70 |    82 ||   152

Table legend: (Time is in decaauts)
 A = Elapsed time spent in this place.
 B = Non-inter-level travel time spent in this place.
 C = Inter-level travel time spent in this place.
 D = Time resting spent in this place.
 E = Time spent auto-exploring this place.
 F = Levels seen in this place.
 G = Mean time per level.
                   A        B        C        D        E       F      G
               +--------+--------+--------+--------+--------+-----+--------+
         Total |   4660 |   4459 |    201 |    819 |   2644 |   9 |  517.8 |
       Dungeon |   4556 |   4355 |    201 |    819 |   2583 |   5 |  911.2 |
         Abyss |    103 |    103 |      0 |      0 |     61 |   4 |   25.8 |
               +--------+--------+--------+--------+--------+-----+--------+

Top non-repeatable levels by time:
     D:3: 1184 daAuts
     D:4: 995 daAuts
     D:1: 955 daAuts
     D:2: 835 daAuts
     D:5: 585 daAuts
 Abyss:1: 33 daAuts
 Abyss:3: 30 daAuts
 Abyss:2: 25 daAuts
 Abyss:4: 14 daAuts
